 Dungeon Crawl Stone Soup version 0.26.0-10-g1f06aea511 (webtiles) character file.

Game seed: 6682388864432691564

17509 Borgoz the Carver (level 12, -2/106 HPs)
             Began as a Ghoul Gladiator on Jan 18, 2021.
             Was the Champion of Okawaru.
             Slain by a balrug
             ... wielding a +1 demon whip of freezing
              (12 damage)
             ... in a Gauntlet.
             The game lasted 00:20:46 (13063 turns).

Borgoz the Carver (Ghoul Gladiator)                Turns: 13063, Time: 00:20:47

Health: -2/106     AC: 20    Str: 19    XL:     12   Next: 48%
Magic:  0/14       EV: 21    Int:  5    God:    Okawaru [******]
Gold:   756        SH:  0    Dex: 14    Spells: 11/11 levels left

rFire    + . .     SeeInvis +   a - +6 great sword "Diarchite" {flame, Int+2 SInv}
rCold    + . .     Faith    .   (shield currently unavailable)
rNeg     + + +     Spirit   +   B - +0 steam dragon scales
rPois    ∞         Reflect  .   b - +2 hat {Will+}
rElec    .         Harm     .   E - +2 cloak {Will+}
rCorr    .         Rampage  .   w - +1 pair of gloves
Will     ++...     NoTele   +   (no boots)
Stlth    +++.......             r - amulet of guardian spirit
HPRegen  0.00/turn              F - +4 ring of protection
MPRegen  0.14/turn              l - ring of protection from fire

@: heroism, hasted, very quick
A: claws 1, cold resistance 1, negative energy resistance 3, inhibited
regeneration, torment resistance, unbreathing
a: Renounce Religion, Heroism, Finesse


You were in a Gauntlet.
You worshipped Okawaru.
Okawaru was exalted by your worship.
You visited 2 branches of the dungeon, and saw 13 of its levels.
You also visited: Gauntlet.

You collected 881 gold pieces.
You spent 125 gold pieces at shops.

Inventory:

Hand Weapons
 a - the +6 great sword "Diarchite" (weapon) {flame, Int+2 SInv}
   (Okawaru gifted it to you on level 10 of the Dungeon)

   It has been specially enchanted to burn those struck by it, causing extra
   injury to most foes and up to half again as much damage against particularly
   susceptible opponents.
   Big, fiery blades are also staple armaments of hydra-hunters.
   It affects your intelligence (+2).
   It lets you see invisible.
Missiles
 y - a throwing net (quivered)
Armour
 b - a +2 hat of willpower (worn)
 w - a +1 pair of gloves (worn)
 B - +0 steam dragon scales (worn)
 E - a +2 cloak of willpower (worn)
Jewellery
 k - an uncursed amulet of the acrobat
 l - a ring of protection from fire (right hand)
 r - an amulet of guardian spirit (around neck)
 F - a +4 ring of protection (left hand)
Wands
 c - a wand of disintegration (24)
 e - a wand of iceblast (2)
 o - a wand of paralysis (8)
 s - a wand of flame (4)
 t - a wand of acid (14)
Scrolls
 g - 4 scrolls of magic mapping
 j - 4 scrolls of remove curse
 m - 7 scrolls of teleportation
 n - a scroll of blinking
 u - a scroll of fog
 v - 2 scrolls of fear
 D - a scroll of vulnerability {unknown}
Potions
 f - 3 potions of curing
 h - a potion of magic
 i - 4 potions of flight
 q - 2 potions of brilliance
 x - 3 potions of haste
 z - 3 potions of might
 A - 2 potions of heal wounds
 C - a potion of invisibility {unknown}


   Skills:
 + Level 9.7(14.7) Fighting
 * Level 11.5(16.5) Long Blades
 - Level 1.7(6.7) Throwing
 * Level 8.2(13.2) Armour
 * Level 8.7(13.7) Dodging
 - Level 5.0 Invocations


You had 11 spell levels left.
You didn't know any spells.
Your spell library contained the following spells:

 Spells                   Type           Power        Failure   Level
 Animate Skeleton         Necr           0%           47%         1
 Apportation              Tloc           0%           47%         1
 Corona                   Hex            0%           47%         1
 Magic Dart               Conj           0%           47%         1
 Summon Small Mammal      Summ           0%           47%         1
 Searing Ray              Conj           0%           63%         2
 Dazzling Flash           Conj/Hex       0%           85%         3
 Fulminant Prism          Conj/Hex       0%           99%         4
 Iskenderun's Mystic Bla  Conj/Tloc      0%           99%         4


Dungeon Overview and Level Annotations

Branches:
Dungeon (12/15)            Temple (1/1) D:4            Lair (0/6) D:10
    Orc (0/2) D:12        Gauntlet (1/1)

Altars:
Ashenzari
Cheibriados
Dithmenos
Elyvilon
Fedhas
Gozag
Hepliaklqana
Kikubaaqudgha
Makhleb
Nemelex Xobeh
Okawaru
Qazlal
Ru
Sif Muna
Trog
Uskayaw
Vehumet
Wu Jian
Xom
Yredelemnul
Zin
The Shining One

Shops:
D:4 ?   D:9 *   D:10 =

Annotations:
Gauntlet 7 transporters


Innate Abilities, Weirdness & Mutations

You thrive by killing the living.
You are immune to poison.
You have sharp fingernails.
Your flesh is cold resistant. (rC+)
You are immune to negative energy. (rN+++)
You do not regenerate when monsters are visible.
You are immune to unholy pain and torment.
You can survive without breathing.


Message History

You slash the balrug!
The balrug is severely wounded.
The balrug hits you with a +1 demon whip of freezing!!
* * * LOW HITPOINT WARNING * * *
You are engulfed in flames!
You resist.
* * * LOW HITPOINT WARNING * * *
The balrug freezes you.
* * * LOW HITPOINT WARNING * * *
You feel much better. The hell hound breathes flames at you.
The blast of flame hits the balrug.
The balrug completely resists.
The blast of flame hits you. You resist.
* * * LOW HITPOINT WARNING * * *
The balrug completely misses you.
You hit the balrug.
The balrug is severely wounded.
The balrug hits you with a +1 demon whip of freezing!
* * * LOW HITPOINT WARNING * * *
You are engulfed in flames!
You resist.
You die...

#≈≈.#..####.#.#5#(#.#5
##≈.#^.(©...#.##3#5#.#
##.##################
##≈....#©.........©#..
#≈≈..8.#.8.8.8.8.8.#.8
##≈....#©.........©#..
##.#########.########
##≈.#.2h....#.#YYY...p
#≈≈.#@#####.#.####.###
##≈.#^..#..^#.#p.#.#..
##.####©######Y##©##.
##≈.#^..#..^#.#.#...#.
#≈≈.#.#####.#.#.#...#.
##≈.#.=.©=/.#.#.).©([.
##.#########.########
#≈...................
#≈≈≈#≈≈≈#..∩.8.∩..#≈≈≈


You could see a balrug and a hell hound.

Vanquished Creatures
  Gastronok (D:8)
  Josephine (D:10)
  A boulder beetle (D:12)
  A catoblepas (Gauntlet)
  Erica (D:8)
  The ghost of MajorAdolf the Prestidigitator, a novice NaWn of Gozag (D:5)
  3 two-headed ogres
  A gargoyle (Gauntlet)
  4 kobold demonologists (D:11)
  Maggie (D:7)
  2 trolls
  A hornet (D:9)
  Prince Ribbit (D:6)
  A redback (shapeshifter) (Gauntlet)
  Sigmund (D:5)
  3 wraiths (D:10)
  2 wyverns (D:10)
  17 yaks
  Duvessa (D:7)
  2 water moccasins (D:8)
  2 sky beasts
  3 ice beasts
  A necrophage (D:4)
  5 ogres
  4 phantoms
  A wolf (shapeshifter) (Gauntlet)
  A centaur (D:9)
  2 big kobolds (D:11)
  4 bullfrogs
  A gnoll sergeant (D:9)
  Dowan (D:7)
  6 scorpions
  4 killer bees (D:11)
  13 wights
  2 howler monkeys (D:7)
  A bullfrog skeleton (D:5)
  4 jellies
  6 orc wizards
  3 orc priests
  A centaur skeleton (D:7)
  7 hounds
  Crazy Yiuf (D:6)
  5 iguanas
  8 worker ants
  2 killer bee zombies (D:9)
  2 bullfrog simulacra (D:5)
  3 hound skeletons
  2 worker ant zombies
  7 gnolls
  10 adders
  A howler monkey skeleton (D:11)
  A shadow imp (D:5)
  5 white imps
  2 ufetubi (D:8)
  4 oozes
  3 adder skeletons
  2 adder zombies
  8 worms
  4 dart slugs
  8 leopard geckos
  32 orcs
  6 giant cockroaches
  9 hobgoblins
  5 jackals
  7 kobolds
  6 quokkas
  2 ball pythons (D:2)
  4 bats
  5 frilled lizards
  A giant cockroach simulacrum (D:5)
  14 goblins
  A leopard gecko simulacrum (D:5)
  2 leopard gecko skeletons
  2 quokka zombies
  14 rats
306 creatures vanquished.

Vanquished Creatures (others)
  A demonic plant (Gauntlet)
1 creature vanquished.

Grand Total: 307 creatures vanquished

Notes
Turn   | Place    | Note
-------+----------+-------------------------------------------
     0 | D:1      | Borgoz the Ghoul Gladiator began the quest for the Orb.
     0 | D:1      | Reached XP level 1. HP: 17/17 MP: 0/0
   179 | D:1      | Reached XP level 2. HP: 21/25 MP: 1/1
   287 | D:1      | Reached skill level 3 in Long Blades
   658 | D:2      | Reached XP level 3. HP: 30/30 MP: 2/2
   934 | D:2      | Reached skill level 1 in Armour
  1505 | D:2      | Reached XP level 4. HP: 37/37 MP: 3/3
  2645 | D:3      | Reached XP level 5. HP: 45/45 MP: 4/4
  2812 | D:3      | Reached skill level 4 in Long Blades
  3347 | D:4      | Reached XP level 6. HP: 40/51 MP: 5/5
  3432 | D:4      | Found an iron altar of Okawaru.
  3727 | D:4      | Found a bloodstained altar of Trog.
  4096 | D:4      | Found Noorgho's Magic Scroll Boutique.
  4096 | D:4      | Noticed a phantom
  4112 | D:4      | Killed a phantom
  4168 | D:4      | Bought a scroll of identify for 20 gold pieces
  4168 | D:4      | Bought a scroll of identify for 20 gold pieces
  4168 | D:4      | Bought a scroll of magic mapping for 35 gold pieces
  4168 | D:4      | Bought a scroll of teleportation for 30 gold pieces
  4168 | D:4      | Bought a scroll of identify for 20 gold pieces
  4263 | D:4      | Reached XP level 7. HP: 52/59 MP: 6/6
  4269 | D:4      | Became a worshipper of Warmaster Okawaru
  4306 | D:4      | Found a staircase to the Ecumenical Temple.
  4351 | D:4      | Reached skill level 5 in Long Blades
  4390 | Temple   | Entered the Ecumenical Temple
  4807 | D:5      | Entered Level 5 of the Dungeon
  4888 | D:5      | Noticed MajorAdolf's ghost (novice NaWn)
  5025 | D:5      | Found a runed translucent gate.
  5025 | D:5      | Found a runed translucent gate.
  5025 | D:5      | Found a runed translucent gate.
  5106 | D:5      | Noticed Sigmund
  5133 | D:6      | Reached skill level 1 in Invocations
  5316 | D:6      | Noticed Prince Ribbit
  5334 | D:6      | Killed Prince Ribbit
  5334 | D:6      | Reached * piety under Okawaru
  5335 | D:6      | Reached XP level 8. HP: 46/67 MP: 6/8
  5905 | D:6      | Reached skill level 6 in Long Blades
  6118 | D:6      | Reached skill level 5 in Fighting
  6130 | D:6      | Found a runed translucent door.
  6131 | D:6      | Noticed Crazy Yiuf
  6141 | D:6      | Killed Crazy Yiuf
  6494 | D:5      | Killed Sigmund
  6550 | D:5      | Found a sacrificial altar of Ru.
  6714 | D:5      | Reached ** piety under Okawaru
  6715 | D:5      | Reached skill level 5 in Dodging
  6755 | D:5      | Found a bloodstained altar of Trog.
  6760 | D:5      | Found an opulent altar of Gozag.
  6760 | D:5      | Found a broken altar of Ashenzari.
  6761 | D:5      | Found a glowing golden altar of the Shining One.
  6982 | D:5      | Killed MajorAdolf's ghost
  6982 | D:5      | Reached *** piety under Okawaru
  6983 | D:5      | Reached skill level 7 in Long Blades
  6983 | D:5      | Reached XP level 9. HP: 18/75 MP: 1/11
  7337 | D:6      | Received a gift from Okawaru
  7746 | D:7      | Noticed Maggie
  7778 | D:7      | Killed Maggie
  7851 | D:7      | Reached skill level 5 in Armour
  8038 | D:7      | Found a burning altar of Makhleb.
  8247 | D:7      | Noticed Duvessa
  8247 | D:7      | Noticed Dowan
  8267 | D:7      | Killed Duvessa
  8268 | D:7      | Reached skill level 8 in Long Blades
  8278 | D:7      | Killed Dowan
  8279 | D:7      | Reached skill level 5 in Invocations
  8433 | D:8      | Noticed a two-headed ogre
  8470 | D:8      | Reached XP level 10. HP: 84/84 MP: 12/12
  8499 | D:8      | Reached **** piety under Okawaru
  8608 | D:8      | Noticed Erica
  8642 | D:8      | Killed Erica
  8869 | D:8      | Killed a two-headed ogre
  8870 | D:8      | Reached skill level 9 in Long Blades
  9135 | D:8      | Reached ***** piety under Okawaru
  9392 | D:8      | Noticed Gastronok
  9410 | D:8      | Killed Gastronok
  9410 | D:8      | Received a gift from Okawaru
  9411 | D:8      | Reached XP level 11. HP: 61/94 MP: 7/13
  9778 | D:9      | Reached skill level 10 in Long Blades
 10012 | D:9      | Noticed a two-headed ogre
 10023 | D:9      | Killed a two-headed ogre
 10331 | D:9      | Found Femith's Assorted Antiques.
 10692 | D:9      | Found a stormy altar of Qazlal.
 10822 | D:10     | Entered Level 10 of the Dungeon
 10904 | D:10     | Noticed a two-headed ogre
 10918 | D:10     | Killed a two-headed ogre
 10997 | D:10     | Noticed Josephine
 11010 | D:10     | Killed Josephine
 11304 | D:10     | Found an opulent altar of Gozag.
 11403 | D:10     | Received a gift from Okawaru
 11406 | D:10     | Got a twisted great sword {god gift}
 11412 | D:10     | Identified the +6 great sword "Diarchite" {flame, Int+2
                  | SInv} (Okawaru gifted it to you on level 10 of the Dungeon)
 11417 | D:10     | Found Etidojaul's Jewellery Boutique.
 11508 | D:10     | Found a staircase to the Lair.
 11633 | D:10     | Reached skill level 11 in Long Blades
 11820 | D:10     | Reached XP level 12. HP: 104/104 MP: 14/14
 12033 | D:11     | Noticed a sun demon
 12580 | D:12     | Noticed a boulder beetle
 12593 | D:12     | Found a gate leading to a gauntlet.
 12606 | D:12     | Reached ****** piety under Okawaru
 12624 | D:12     | Killed a boulder beetle
 12741 | Gauntlet | Entered a Gauntlet
 12741 | Gauntlet | Found a transporter.
 12741 | Gauntlet | Found a transporter.
 12784 | Gauntlet | Found the +12 glaive of Prune {vorpal}
 12784 | Gauntlet | Found a transporter.
 12787 | Gauntlet | Found a transporter.
 12793 | Gauntlet | Noticed a soul eater
 12796 | Gauntlet | Found a transporter.
 12799 | Gauntlet | Found a transporter.
 12808 | Gauntlet | Noticed a death yak
 12810 | Gauntlet | Noticed a death yak
 12811 | Gauntlet | Found a transporter.
 12811 | Gauntlet | Noticed a death yak
 12811 | Gauntlet | Noticed a death yak
 12827 | Gauntlet | Found a transporter.
 12831 | Gauntlet | Noticed a balrug
 12842 | Gauntlet | Found a transporter.
 12846 | Gauntlet | Found a transporter.
 12854 | Gauntlet | Found a transporter.
 12856 | Gauntlet | Noticed a catoblepas
 12869 | Gauntlet | Found a transporter.
 12929 | Gauntlet | Got an ichor-stained short sword
 12930 | Gauntlet | Identified the cursed +1 short sword "Zisoenui" {speed,
                  | Str+3 Int+4 Dex-5} (You found it in a Gauntlet)
 12951 | Gauntlet | Killed a catoblepas
 12951 | Gauntlet | Received a gift from Okawaru
 13063 | Gauntlet | Slain by a balrug

Illustrated notes

Levels and vault maps discovered:
D:1:      mrwooster_arrival_statue, layout_rooms
D:2:      minmay_diamond_boxcup, layout_basic, kennysheep_big_empty_room
D:3:      layout_basic, nrook_mini_backslash, chequers_serial_rivers_marsh,
          grunt_ministairs_4, chequers_serial_rivers_marsh
D:4:      layout_gridville, lemuel_crystal_altar,
          minmay_temple_entry_enclosed_plants, serial_shops, shop,
          trog_hazing_becter
D:5:      layout_basic, chequers_temple_overflow_statue_of_worship,
          gammafunk_ghost_icy, basic_altar, uniq_sigmund
D:6:      layout_cave_pools, nicolae_underground_beach, uniq_crazy_yiuf_cottage,
          uniq_prince_ribbit1
D:7:      layout_rooms, lemuel_doored_altar, grunt_decor_resistance,
          uniq_maggie, uniq_duvessa
D:8:      layout_basic, nrook_mini_vaults, uniq_gastronok, uniq_erica
D:9:      layout_loops_cross, grunt_qazlal_sundering, serial_shops, shop
D:10:     layout_basic, lair_entry_dummy, serial_shops, shop,
          grunt_gozag_statues, uniq_josephine
D:11:     layout_small_grid, mrwooster_statue_mirror
D:12:     layout_irregular_city, erik_orc_1, gauntlet_entry_generic,
          chequers_serial_rivers_micro_c, uniq_nessos
Temple:   regret_index_temple_waves
Gauntlet: minmay_gauntlet_77_indecision
          [minmay_gauntlet_arena_77_terracotta_army,
          minmay_gauntlet_arena_77_mess, minmay_gauntlet_arena_77_box,
          minmay_gauntlet_arena_77_checkered,
          minmay_gauntlet_arena_77_two_paths, minmay_gauntlet_arena_77_mirror,
          gauntlet_exit_spiral]

Skill      XL: |  1  2  3  4  5  6  7  8  9 10 11 12 |
---------------+-------------------------------------+-----
Long Blades    | 3 4 5 7 8 9 11 | 11.5
Dodging        | 3 4 5 7 8 |  8.7
Armour         | 1 2 3 4 5 6 7 8 |  8.2
Fighting       | 3 4 5 6 8 9 |  9.7
Invocations    | 1 4 5 |  5.0
Throwing       | |  1.7

Action                   |  1- 3 |  4- 6 |  7- 9 | 10-12 || total
-------------------------+-------+-------+-------+-------++-------
Melee: Long sword        |   117 |   234 |   402 |    75 ||   828
       Scimitar          |       |       |       |   240 ||   240
       Great sword       |       |       |       |   169 ||   169
Throw: Throwing net      |       |     3 |       |     1 ||     4
Invok: Heroism           |       |       |     4 |     2 ||     6
Evoke: Wand              |       |       |     9 |     6 ||    15
  Use: Scroll            |     3 |    14 |     7 |     7 ||    31
       Potion            |       |     3 |     3 |     4 ||    10
 Stab: Held in net/web   |       |     1 |       |     1 ||     2
       Sleeping          |       |       |       |     2 ||     2
Armor: Leather armour    |    34 |    62 |    99 |       ||   195
       Steam dragon scal |       |       |    33 |   157 ||   190
Dodge: Dodged            |    72 |   170 |   248 |   357 ||   847
Block: Buckler           |    10 |    31 |    53 |    45 ||   139
       Rpst.: Long sword |    27 |    40 |    81 |    16 ||   164
       Scimitar          |       |       |       |    30 ||    30
       Great sword       |       |       |       |    48 ||    48
